 Dungeon Crawl Stone Soup version 0.31.0 (webtiles) character file.

Game seed: 7767403516389474755

616 shmup the Firebug (level 7, 41/41 HPs)
             Began as a Gargoyle Fire Elementalist on Jan 17, 2024.
             Quit the game on level 5 of the Dungeon on Jan 19, 2024.
             The game lasted 00:25:45 (5066 turns).

shmup the Firebug (Gargoyle Fire Elementalist)      Turns: 5066, Time: 00:25:45

Health: 41/41      AC:  9    Str: 15    XL:     7   Next: 45%
Magic:  13/13      EV: 11    Int: 17    God:
Gold:   138        SH:  4    Dex: 10    Spells: 11/14 levels left

rFire   + + .        a - +8 short sword of Boump {venom, rF+ rCorr Str+3}
rCold   + . .        o - +1 buckler {AC+3}
rNeg    + . .        r - +0 robe
rPois   inf          (no helmet)
rElec   +            g - scarf {rC+ rF+}
rCorr   +            (no gloves)
SInv    .            (no boots)
Will    .....        (no amulet)
Stlth   ++           (no ring)
HPRegen 0.26/turn    (no ring)
MPRegen 0.13/turn

%: no passive effects
@: no status effects
A: sickness immunity, AC +4, negative energy resistance 1, electricity
resistance, torment resistance 1, petrification resistance
a: no special abilities


You were on level 5 of the Dungeon.
You visited 1 branch of the dungeon, and saw 5 of its levels.

You collected 268 gold pieces.
You spent 130 gold pieces at shops.

Inventory:

Hand Weapons
 a - the +8 short sword of Boump (weapon) {venom, rF+ rCorr Str+3}
   (You found it on level 4 of the Dungeon)

   Str+3:     It affects your strength (+3).
   rF+:       It protects you from fire.
   rCorr:     It protects you from acid and corrosion.
 b - the +4 hand axe "Jimmo" {freeze, Int+4}
   (You found it on level 3 of the Dungeon)

   Int+4:     It affects your intelligence (+4).
 i - a +0 club
 j - a +1 war axe of venom
 m - a +0 spear
 s - a +0 flail
Missiles
 f - 4 datura-tipped darts (quivered)
 h - 34 stones
Armour
 g - a scarf of resistance (worn)
 o - a +1 buckler of protection (worn)
 r - a +0 robe (worn)
Wands
 q - a wand of roots (13)
Scrolls
 c - a scroll of fog
Potions
 d - a potion of lignification
 e - 2 potions of brilliance
 k - a potion of heal wounds {unknown}
 t - a potion of enlightenment {unknown}
 u - a potion of magic


   Skills:
 + Level 3.4 Fighting
 - Level 1.5 Dodging
 - Level 2.1 Stealth
 - Level 4.0 Spellcasting
 - Level 1.1 Conjurations
 * Level 6.6 Fire Magic


You had 11 spell levels left.
You knew the following spells:

 Your Spells              Type           Power      Damage    Failure   Level
a - Foxfire               Conj/Fire      64%        2x1d7     4%          1
b - Scorch                Fire           50%        2d7       2%          2

Your spell library contained the following spells:

 Spells                   Type           Power      Damage    Failure   Level
 Inner Flame              Hex/Fire       14%        N/A       17%         3
 Volatile Blastmotes      Fire/Tloc      28%        2d12      17%         3
 Flame Wave               Conj/Fire      16%        2d7       41%         4


Dungeon Overview and Level Annotations

Branches:
Dungeon (5/15) Zot: 24914
 Temple: D:4-7

Altars:
Vehumet

Shops:
D:2 (

Annotations:
D:1 exclusion: 2 downstairs
D:2 1 runed translucent door, Crazy Yiuf
D:3 exclusion: 2 downstairs
D:4 Edmund


Innate Abilities, Weirdness & Mutations

You are immune to sickness and miasma.
Your stone body is resilient. (AC +4)
You are immune to poison.
You resist negative energy. (rN+)
You are resistant to electric shocks. (rElec)
You are resistant to unholy torment.
You are immune to petrification.


Message History

You puncture the orc priest!
You kill the orc priest!
Items here: % ))) [.
Okay, then.
You start resting.
HP restored.
Items here: % ))) [.
Found a long sword.
Items here: % ))) [.
Casting: Foxfire (safe; 4% risk of failure)
Confirm with . or Enter, or press ? or * to list all spells.
Okay, then.
Unknown command.
You see here a +0 giant spiked club.
Items here: % ) [.
Items here: % ) [.
There is a stone staircase leading down here.
There is a stone staircase leading down here.
You climb downwards.
There is a stone staircase leading up here.
Okay, then.
Okay, then.
As you read the scroll of identify, it crumbles to dust.
d - a potion of lignification
Okay, then.
Saving game... please wait.
Welcome back, shmup the Gargoyle Fire Elementalist.
Press ? for a list of commands and other information.
Unknown command.
There is a stone staircase leading up here.
Found an escape hatch in the ceiling.
Found a stone staircase leading down.
Saving game... please wait.
Welcome back, shmup the Gargoyle Fire Elementalist.
Press ? for a list of commands and other information.
Autopickup is now off.
Are you sure you want to abandon this character and quit the game? (Confirm with "yes".)
Okay, then.
Unknown command.
Found a scroll labelled BAIMUR YWOETSIF.
Are you sure you want to abandon this character and quit the game? (Confirm with "yes".)

▒.▒▒▒▒.▒▒.▒
▒▒▒▒▒▒▒▒.▒ ▒.▒▒.▒▒
▒........▒▒▒▒.▒...▒▒▒
▒.▒▒▒▒▒..▒...........
▒▒▒▒..▒.▒▒.▒...▒▒▒
▒.......▒▒.▒▒.▒▒
▒.▒▒...<...▒▒.▒
▒.▒▒.▒▒.▒▒▒▒▒▒▒▒.▒
▒...9..>▒ ▒+▒
▒▒▒▒.▒▒▒▒ ▒.▒ ▒.▒ ▒..
... .▒. ? .▒


There were no monsters in sight!

Vanquished Creatures
  A water moccasin (D:4)
  An ogre (D:4)
  A jelly (D:4)
  2 orc priests (D:4)
  Jessica (D:1)
  An iguana (D:4)
  4 orc wizards (D:4)
  3 adders
  6 gnolls
  A dart slug (D:2)
  2 ribbon worms (D:3)
  10 orcs
  7 ball pythons
  9 bats
  9 endoplasms
  4 giant cockroaches
  5 goblins
  5 hobgoblins
  2 jackals (D:1)
  4 kobolds
  5 quokkas
  2 frilled lizards (D:2)
  3 rats
88 creatures vanquished.

Vanquished Creatures (others)
  136 foxfires
136 creatures vanquished.

Grand Total: 224 creatures vanquished

Notes
Turn   | Place    | Note
-------+----------+-------------------------------------------
     0 | D:1      | shmup the Gargoyle Fire Elementalist began the quest for
                  | the Orb.
     0 | D:1      | Reached XP level 1. HP: 10/10 MP: 3/3
    27 | D:1      | Found a faded altar of an unknown god.
   473 | D:1      | Reached XP level 2. HP: 15/15 MP: 1/5
  1267 | D:2      | Found a radiant altar of Vehumet.
  1424 | D:2      | Reached skill level 4 in Fire Magic
  1440 | D:2      | Learned a level 2 spell: Scorch
  1462 | D:2      | Found Lyoxtiegy's Antique Weapon Boutique.
  1463 | D:2      | Reached XP level 3. HP: 19/19 MP: 4/6
  1791 | D:2      | Noticed Jessica
  1825 | D:1      | Killed Jessica
  1826 | D:1      | Reached XP level 4. HP: 12/24 MP: 1/7
  2026 | D:2      | Reached skill level 5 in Fire Magic
  2262 | D:2      | Found a runed translucent door.
  2263 | D:2      | Noticed Crazy Yiuf
  2520 | D:2      | Reached skill level 1 in Fighting
  2867 | D:3      | Reached XP level 5. HP: 29/29 MP: 5/8
  3157 | D:2      | Bought a glowing war axe for 130 gold pieces
  3691 | D:3      | Identified the +4 hand axe "Jimmo" {freeze, Int+4}
  4069 | D:4      | Noticed a water moccasin
  4135 | D:4      | Identified the +8 short sword of Boump {venom, rF+ rCorr
                  | Str+3}
  4184 | D:4      | Noticed Edmund
  4329 | D:4      | Killed a water moccasin
  4330 | D:4      | Reached XP level 6. HP: 25/37 MP: 2/11
  4713 | D:4      | Reached skill level 6 in Fire Magic
  4713 | D:4      | Reached XP level 7. HP: 41/41 MP: 5/13
  5004 | D:5      | Entered Level 5 of the Dungeon
  5013 | D:5      | Upgraded the game from 0.31-b1-20-g67cafac56d to
                  | 0.31-b1-22-gc680215f68
  5045 | D:5      | Upgraded the game from 0.31-b1-22-gc680215f68 to 0.31.0
  5066 | D:5      | Quit the game

Illustrated notes

Levels and vault maps discovered:
D:1:      evilmike_arrival_crescent, layout_basic,
          shapermc_ecumenical_altar_acropolis, grunt_decor_one_mirror,
          kennysheep_pointless_box, grunt_decor_cap, kennysheep_minor_cross,
          minmay_pentomino_x4
D:2:      minmay_chambers_of_ones, layout_basic, basic_altar, serial_shops,
          shop, minmay_misc_feat_room, uniq_jessica, uniq_crazy_yiuf_cottage
D:3:      layout_basic
D:4:      layout_loops_ring, minmay_temple_entry_offerings,
          guppyfry_early_orc_mine, uniq_edmund
D:5:      layout_loops_corners, dreamdust_gnoll_farm, uniq_duvessa,
          uniq_sigmund, uniq_blork_the_orc

Skill      XL: |  1  2  3  4  5  6 |
---------------+-------------------+-----
Fire Magic     | 4 5 6 |  6.6
Fighting       | 1 3 |  3.4
Spellcasting   | 3 4 |  4.0
Dodging        | |  1.5
Stealth        | |  2.1
Conjurations   | |  1.1

Action                     |  1- 3 |  4- 6 |  7- 9 || total
---------------------------+-------+-------+-------++-------
  Melee: Unarmed           |     8 |    15 |       ||    23
         Club              |    11 |       |       ||    11
         Spear             |       |     2 |       ||     2
         Short sword       |       |    23 |    16 ||    39
         War axe           |       |     3 |       ||     3
   Cast: Foxfire           |    40 |    41 |     2 ||    83
         Scorch            |     5 |    25 |       ||    30
    Use: Scroll            |     4 |     9 |     1 ||    14
   Stab: Sleeping          |     1 |     1 |       ||     2
 Armour: Robe              |    21 |    38 |     8 ||    67
  Dodge: Dodged            |    26 |    33 |     6 ||    65
  Block: Buckler           |       |     9 |     1 ||    10
